 Dungeon Crawl Stone Soup version 0.31-a0-229-g1fc7ce93e2 (webtiles) character file.

Game seed: 13355509550760875308

165 qw the Shooter (level 5, -5/31 HPs)
             Began as a Gargoyle Hexslinger on July 6, 2023.
             Slain by an ogre
             ... wielding a +0 giant club
              (10 damage)
             ... on level 4 of the Dungeon.
             The game lasted 00:00:56 (2749 turns).

qw the Shooter (Gargoyle Hexslinger)                Turns: 2749, Time: 00:00:56

Health: -5/31      AC: 10    Str: 11    XL:     5   Next: 46%
Magic:  6/6        EV: 11    Int: 14    God:
Gold:   195        SH:  0    Dex: 14    Spells: 5/6 levels left

rFire   . . .        Y - +2 sling
rCold   . . .        (no shield)
rNeg    + . .        a - +0 leather armour
rPois   inf          d - +0 helmet
rElec   +            (no cloak)
rCorr   .            l - +1 pair of gloves
SInv    .            (no boots)
Will    .....        b - amulet of the acrobat
Stlth   +            (no ring)
HPRegen 0.25/turn    (no ring)
MPRegen 0.10/turn

%: acrobat
@: no status effects
A: sickness immunity, AC +4, negative energy resistance 1, electricity
resistance, torment resistance 1, petrification resistance
a: no special abilities


You were on level 4 of the Dungeon.
You visited 1 branch of the dungeon, and saw 4 of its levels.

You collected 195 gold pieces.


Innate Abilities, Weirdness & Mutations

You are immune to sickness and miasma.
Your stone body is resilient. (AC +4)
You are immune to poison.
You resist negative energy. (rN+)
You are resistant to electric shocks. (rElec)
You are resistant to unholy torment.
You are immune to petrification.


   Skills:
 + Level 2.6 Fighting
 - Level 5.0 Ranged Weapons
 - Level 1.5 Dodging
 - Level 1.0 Spellcasting
 - Level 2.6 Hexes


You had 5 spell levels left.
You knew the following spells:

 Your Spells              Type           Power      Damage    Failure   Level
a - Slow                  Hex            32%        N/A       12%         1

Your spell library contained the following spells:

 Spells                   Type           Power      Damage    Failure   Level
 Inner Flame              Hex/Fire       4%         N/A       52%         3
 Portal Projectile        Hex/Tloc       8%         N/A       52%         3
 Cause Fear               Hex            4%         N/A       75%         4

Inventory:

Hand Weapons
 Y - a +2 sling (weapon)
Armour
 a - a +0 leather armour (worn)
 d - a +0 helmet (worn)
 l - a +1 pair of gloves (worn)
Jewellery
 b - an amulet of the acrobat (around neck)
 c - an amulet of reflection
Scrolls
 i - a scroll of identify
Potions
 e - a potion of resistance {unknown}
 j - a potion of brilliance {unknown}
 k - 3 potions of curing

Dungeon Overview and Level Annotations

Branches:
Dungeon (4/15)
 Temple: D:4-7

Altars:
Gozag
Kikubaaqudgha
Trog
Wu Jian


Message History

The iguana bites you but does no damage.
You shoot a sling bullet. The sling bullet hits the iguana.
The iguana is severely wounded.
The iguana misses you. The iguana bites you.
You shoot a sling bullet.
The sling bullet closely misses the iguana.
The iguana bites you.
You shoot a sling bullet. The sling bullet hits the iguana.
You kill the iguana!
You start resting.
HP restored.
An ogre comes into view. It is wielding a +0 giant club.
The ogre shouts!
Enter note:
Enter note:
Enter note:
Enter note:
Enter note:
Enter note: You shoot a sling bullet.
The sling bullet barely misses the ogre.
You shoot a sling bullet.
The sling bullet barely misses the ogre.
You shoot a sling bullet. The sling bullet hits the ogre.
The ogre is lightly wounded.
You shoot a sling bullet. The sling bullet hits the ogre.
The ogre is moderately wounded.
You shoot a sling bullet.
The sling bullet barely misses the ogre.
The ogre closely misses you.
You shoot a sling bullet. The sling bullet hits the ogre.
The ogre is moderately wounded.
The ogre hits you with a +0 giant club!!
Ouch! That really hurt!
You shoot a sling bullet.
The sling bullet barely misses the ogre.
You shoot a sling bullet. The sling bullet hits the ogre!
The ogre is heavily wounded.
The ogre hits you with a +0 giant club!
You die...

#.#..##.###.# ##.##.#
#.#.# #.#..##.....#
#.##.# #.#.#
#.#...'.....# #.##.#
#.#.# #.###.#.....#
#....# #.#%.
#.#..<......# ###...
#.#.# #.#.#.......# #..
#.# ##...#......<# #..
..#
.....#..##############..
.....+..........@O......
.....#..################
.....#..........
.....#..########
.....#..# ........#
....##..#####
#.#.#.......#
#.#.#.......#


You could see an ogre.

Vanquished Creatures
  A hound (D:4)
  Jessica (D:2)
  An iguana (D:4)
  2 adders
  7 orcs (D:3)
  9 endoplasms
  5 giant cockroaches
  4 goblins
  5 hobgoblins
  3 jackals (D:1)
  3 quokkas
  5 ball pythons
  2 frilled lizards
  5 kobolds
53 creatures vanquished.

Notes
Turn   | Place    | Note
-------+----------+-------------------------------------------
     0 | D:1      | qw the Gargoyle Hexslinger began the quest for the Orb.
     0 | D:1      | Reached XP level 1. HP: 12/12 MP: 2/2
     0 | D:1      | 0 ||| qw: Version: 0.3-a-46-gb1f654a
     0 | D:1      | 0 ||| qw: Game counter: 1342
     0 | D:1      | 0 ||| qw: Melee chars always use a shield: true
     0 | D:1      | 0 ||| qw: God list: Okawaru
     0 | D:1      | 0 ||| qw: Allow faded altars: false
     0 | D:1      | 0 ||| qw: Do Orc after clearing Dungeon:15 true
     0 | D:1      | 0 ||| qw: Do second Lair branch before Depths: true
     0 | D:1      | 0 ||| qw: Lair rune preference: random
     0 | D:1      | 0 ||| qw: Goals: Normal
     0 | D:1      | 0 ||| PLANNING D:1-11
     2 | D:1      | Noticed an octopode
     2 | D:1      | Noticed a formicid
     4 | D:1      | Noticed a tengu
     6 | D:1      | Noticed a ghoul
     6 | D:1      | Noticed an armataur
     8 | D:1      | Noticed a vine stalker
     8 | D:1      | Noticed an elf
    13 | D:1      | Noticed a human
    13 | D:1      | Noticed a draconian
    15 | D:1      | Noticed a troll
    15 | D:1      | Noticed a minotaur
    17 | D:1      | Noticed a naga
    17 | D:1      | Noticed a gargoyle
    19 | D:1      | Noticed a merfolk
    19 | D:1      | Noticed a demonspawn
    21 | D:1      | Noticed a felid
    21 | D:1      | Noticed a meteoran
    23 | D:1      | Noticed a demigod
    23 | D:1      | Noticed a spriggan
    25 | D:1      | Noticed a troll
    25 | D:1      | Noticed an ogre
    27 | D:1      | Noticed a human
    27 | D:1      | Noticed a spriggan
   107 | D:1      | Reached XP level 2. HP: 16/16 MP: 3/3
   251 | D:1      | Reached skill level 3 in Ranged Weapons
   416 | D:1      | Reached XP level 3. HP: 21/21 MP: 4/4
   652 | D:1      | 652 ||| UPGRADING to +0 pair of gloves.
   657 | D:1      | 657 ||| READING scroll labelled GIKAUF TAHYSABO.
   662 | D:1      | 662 ||| READING scroll labelled CUMAEDGH GARU.
   663 | D:1      | 663 ||| READING scroll labelled RUMUECW UFEM.
   664 | D:1      | 664 ||| READING scroll labelled HOLATR BUMY.
   765 | D:1      | 765 ||| READING scroll labelled DIGGARPHIUH.
   766 | D:1      | 766 ||| READING 2 scrolls labelled MONUIQ TABRO.
   767 | D:1      | 767 ||| READING scroll labelled GOLIADEUCS.
   768 | D:1      | 768 ||| DROPPING scroll of poison.
   857 | D:2      | Noticed Jessica
   862 | D:2      | Killed Jessica
   922 | D:2      | Reached skill level 4 in Ranged Weapons
   922 | D:2      | Reached XP level 4. HP: 25/26 MP: 5/5
  1684 | D:2      | 1684 ||| UPGRADING to +0 helmet.
  1689 | D:2      | 1689 ||| READING scroll labelled TALOC KOUCU.
  1690 | D:2      | 1690 ||| READING scroll labelled ELUOGO WEAPS.
  1691 | D:2      | 1691 ||| DRINKING 2 green potions.
  1745 | D:2      | 1745 ||| DRINKING 2 yellow potions.
  1746 | D:2      | 1746 ||| DROPPING potion of lignification.
  1905 | D:3      | Found a bloodstained altar of Trog.
  1979 | D:3      | Found an ornate altar of the Wu Jian Council.
  2102 | D:3      | 2102 ||| READING scroll of enchant armour.
  2102 | D:3      | 2102 ||| ENCHANTING +0 pair of gloves.
  2353 | D:3      | Found an ancient bone altar of Kikubaaqudgha.
  2353 | D:3      | Found an opulent altar of Gozag.
  2389 | D:3      | 2389 ||| UPGRADING to +0 leather armour.
  2399 | D:3      | 2399 ||| DROPPING +0 robe.
  2400 | D:3      | 2400 ||| UPGRADING to amulet of the acrobat.
  2534 | D:4      | Reached skill level 5 in Ranged Weapons
  2534 | D:4      | Reached XP level 5. HP: 27/30 MP: 6/6
  2741 | D:4      | Noticed an ogre
  2747 | D:4      | HP: 4/31 [ogre/+0 giant club (27)]
  2749 | D:4      | Slain by an ogre

Levels and vault maps discovered:
D:1:      kb_arrival_jail, layout_loops_ring, minmay_pentomino_u4
D:2:      minmay_general_purpose_star, layout_basic, uniq_jessica
D:3:      layout_basic, lemuel_doored_altar, trog_book,
          gammafunk_temple_overflow_wave, minmay_misc_feat_rugged,
          grunt_decor_junction
D:4:      layout_basic

Skill      XL: |  1  2  3  4 |
---------------+-------------+-----
Ranged Weapons | 3 4 5 |  5.0
Fighting       | 2 |  2.6
Dodging        | |  1.5
Spellcasting   | |  1.0
Hexes          | |  2.6

Action                     |  1- 3 |  4- 6 || total
---------------------------+-------+-------++-------
   Fire: Sling             |    92 |   109 ||   201
    Use: Scroll            |     7 |     3 ||    10
         Potion            |       |     2 ||     2
 Armour: Robe              |    12 |     3 ||    15
         Leather armour    |       |    12 ||    12
  Dodge: Dodged            |    21 |    30 ||    51

Table legend:
 A = Non-vault XP
 B = Vault XP
 C = Vault XP percentage of total XP
 D = Non-vault monster count
 E = Vault monster count
 F = Vault count percentage of total count
                 A         B        C        D         E       F
            +---------+---------+-------+---------+---------+-------
      Total |     193 |      44 |  18.6 |      47 |       6 |  11.3
            +---------+---------+-------+---------+---------+-------
        D:1 |      35 |       4 |  10.3 |      19 |       3 |  13.6
        D:2 |      23 |      40 |  63.5 |       6 |       3 |  33.3
        D:3 |      49 |       0 |   0.0 |      16 |       0 |   0.0
        D:4 |      86 |       0 |   0.0 |       6 |       0 |   0.0
            +---------+---------+-------+---------+---------+-------
